 Dungeon Crawl Stone Soup version 0.19.0-20-gbc5f0c6 (webtiles) character file.

171 nikopol the Skirmisher (level 5, -1/51 HPs)
             Began as a Gargoyle Berserker on Nov 17, 2016.
             Was a Priest of Trog.
             Slain by a yak (5 damage)
             ... on level 4 of the Dungeon.
             The game lasted 00:06:35 (2444 turns).

nikopol the Skirmisher (Gargoyle Berserker)         Turns: 2444, Time: 00:06:36

Health: -1/51      AC: 10    Str: 25    XL:     5   Next: 51%
Magic:  5/5        EV: 11    Int:  8    God:    Trog [***...]
Gold:   226        SH:  0    Dex: 10    Spells: 0 memorised, 4 levels left

rFire  . . .     SeeInvis .     y - +0 hand axe
rCold  . . .     Gourm    .     d - +0 ring mail
rNeg   + . .     Faith    .     (no shield)
rPois  ∞         Spirit   .     o - +0 helmet
rElec  +         Reflect  .     (no cloak)
rCorr  .         Harm     .     (no gloves)
MR     .....                    (no boots)
Stlth  ..........               (no amulet)
                                (no ring)
                                (no ring)

@: berserking, very quick
A: negative energy resistance 1, electricity resistance, unbreathing,
petrification resistance, rot immunity, AC +4
a: Berserk, Trog's Hand, Burn Spellbooks, Renounce Religion


You were on level 4 of the Dungeon.
You worshipped Trog.
Trog was most pleased with you.
You were not hungry.

You visited 1 branch of the dungeon, and saw 4 of its levels.

You collected 226 gold pieces.

Inventory:

Hand Weapons
 y - a +0 hand axe (weapon)
Missiles
 f - 19 arrows (quivered)
Armour
 b - a +0 animal skin
 d - a +0 ring mail (worn)
 o - a +0 helmet (worn)
 z - a +0 scale mail
Wands
 a - a wand of iceblast (4/15)
 w - a wand of slowing (27/48)
Scrolls
 e - 2 scrolls of blinking {unknown}
 g - 2 scrolls of teleportation {unknown}
 h - a scroll of fear {unknown}
 i - a scroll of enchant weapon {unknown}
 j - 2 scrolls of remove curse {unknown}
 l - 3 scrolls of identify {unknown}
 n - a scroll of immolation {unknown}
 q - 2 scrolls of enchant armour {unknown}
 r - a scroll of recharging {unknown}
Potions
 m - a potion of magic {unknown}
 p - a potion of agility {unknown}
 u - a potion of haste {unknown}
 v - 2 potions of brilliance {unknown}
Comestibles
 c - 3 bread rations
 k - 2 meat rations
 s - a beef jerky
 t - a chunk of flesh
 x - 5 fruits


   Skills:
 + Level 4.4 Fighting
 + Level 3.5 Axes
 + Level 3.3 Armour
 + Level 2.6 Dodging


You had 4 spell levels left.
You didn't know any spells.

Dungeon Overview and Level Annotations

Branches:
Dungeon (4/15)
 Temple: D:4-7

Altars:
Cheibriados
Fedhas
Makhleb


Innate Abilities, Weirdness & Mutations

You are resistant to torment.
Your stone body is resilient. (AC +4)
You are immune to poison.
You resist negative energy. (rN+)
You are resistant to electric shocks. (rElec)
You can survive without breathing.
You are immune to petrification.
You are immune to rotting.


Message History

You hit the yak.
The yak is moderately wounded.
You closely miss the yak. The yak gores you but does no damage.
The yak gores you.
A yak comes into view.
You barely miss the yak.
The yak is moderately wounded.
The yak bellows!
You hit the yak but do no damage. The yak gores you! x2
* * * LOW HITPOINT WARNING * * *
You are too injured to fight recklessly!
A red film seems to cover your vision as you go berserk!
You feel yourself moving faster!
You feel mighty!
You feel quite a bit more hungry. The yak gores you but does no damage.
You hit the yak.
The yak is lightly wounded.
You hit the yak but do no damage.
The yak is lightly wounded.
The yak gores you.
You die...

##### #.#.### ##..##..
#.## .. ## # #.# #.
#.# # ##.# .## #Y# ##
#.## #.#####Y# .# ##.#
#.#..@YY# .###..##
#...###.# .......##
#.#### #.#
...###..####....###.##
.....##..............#
..............######.#
.####...###...## # ##
###.# ##...#
#######.## #...###


You could see 4 yaks.

Vanquished Creatures
  The ghost of dscm the Insei, a weakling OpTm (D:3)
  3 gnolls (D:3)
  2 adders
  An ooze (D:1)
  A worm (D:2)
  4 dart slugs
  4 leopard geckos
  6 orcs
  3 giant cockroaches
  10 goblins
  5 hobgoblins
  12 jackals
  A quokka (D:3)
  A ball python (D:2)
  11 bats
  2 frilled lizards (D:1)
  11 kobolds
  5 rats
83 creatures vanquished.

Notes
Turn   | Place    | Note
-------+----------+-------------------------------------------
     0 | D:1      | nikopol the Gargoyle Berserker began the quest for the Orb.
     0 | D:1      | Reached XP level 1. HP: 14/14 MP: 1/1
   158 | D:1      | Reached XP level 2. HP: 18/19 MP: 2/2
   517 | D:1      | Reached XP level 3. HP: 24/24 MP: 3/3
   694 | D:1      | Reached ** piety under Trog
   950 | D:2      | Reached skill level 4 in Fighting
   950 | D:2      | Reached XP level 4. HP: 16/29 MP: 4/4
  1103 | D:2      | Found a burning altar of Makhleb.
  1667 | D:3      | Noticed dscm's ghost (weakling OpTm)
  1677 | D:3      | Killed dscm's ghost
  1681 | D:3      | Reached *** piety under Trog
  1686 | D:3      | Found a faded altar of an unknown god.
  1718 | D:3      | Reached XP level 5. HP: 31/33 MP: 5/5
  2016 | D:3      | Found a snail-covered altar of Cheibriados.
  2383 | D:4      | Found a blossoming altar of Fedhas.
  2433 | D:4      | Noticed a yak
  2437 | D:4      | Noticed a yak
  2439 | D:4      | Noticed a yak
  2440 | D:4      | Noticed a yak
  2444 | D:4      | Slain by a yak

Skill      XL: |  1  2  3  4 |
---------------+-------------+-----
Axes           | 3 |  3.5
Dodging        | 2 |  2.6
Fighting       | 4 |  4.4
Armour         | 3 |  3.3

Action                   |  1- 3 |  4- 6 || total
-------------------------+-------+-------++-------
Melee: Hand axe          |   137 |   135 ||   272
Invok: Berserk           |     1 |     4 ||     5
  Eat: Chunk             |       |     9 ||     9
Armor: Ring mail         |    77 |    79 ||   156
       Animal skin       |     2 |       ||     2
Dodge: Dodged            |   104 |   100 ||   204
